 Dungeon Crawl Stone Soup version 0.32-a0-868-g153ae1a8d6 (webtiles) character file.

Game seed: 18318250210170774429

4701 smashvw the Severer (level 10, -4/121 HPs)
             Began as a Minotaur Berserker on Mar 29, 2024.
             Was a High Priest of Trog.
             Slain by a vampire
             ... wielding a +1 vampiric halberd
              (5 damage)
             ... in a bailey.
             The game lasted 00:18:12 (5835 turns).

smashvw the Severer (Minotaur Berserker)            Turns: 5835, Time: 00:18:13

Health: -4/121     AC:  9    Str: 25    XL:     10   Next: 21%
Magic:  9/9        EV:  8    Int:  6    God:    Trog [*****.]
Gold:   302        SH:  0    Dex:  9    Spells: 9/9 levels left

rFire   . . .        b - +0 war axe
rCold   . . .        (no shield)
rNeg    . . .        n - +0 chain mail "Ifiruit" {Regen+ Slay+2}
rPois   .            (helmet restricted)
rElec   .            (no cloak)
rCorr   .            (no gloves)
SInv    .            (no boots)
Will    .....        (no amulet) Stlth
                     (no ring)
HPRegen 1.20/turn    (no ring)
MPRegen 0.11/turn

%: no passive effects
@: berserking, very quick
A: horns 2, retaliatory headbutt
a: Renounce Religion, Berserk, Trog's Hand, Brothers in Arms


You were in a bailey.
You worshipped Trog.
Trog was extremely pleased with you.
You visited 1 branch of the dungeon, and saw 8 of its levels.
You also visited: Bailey.

You collected 344 gold pieces.
You spent 42 gold pieces at shops.

Inventory:

Hand Weapons
 b - a +0 war axe (weapon)
Missiles
 h - 8 poisoned darts (quivered)
 v - 5 boomerangs
 x - a curare-tipped dart
Armour
 j - the +6 ring mail "Atasanun" {rC+ rN+ Will+ Int+3}
   (You found it on level 2 of the Dungeon)

   Int+3:     It affects your intelligence (+3).
   rC+:       It protects you from cold.
   rN+:       It protects you from negative energy.
   Will+:     It increases your willpower.
 n - the +0 chain mail "Ifiruit" (worn) {Regen+ Slay+2}
   (You found it on level 4 of the Dungeon)

   Slay+2:    It affects your accuracy & damage with ranged weapons and melee
   (+2).
   Regen+:    It increases your rate of health regeneration.
Wands
 q - a wand of paralysis (5)
 u - a wand of polymorph (11)
 A - a wand of light (4)
 B - a wand of warping (6)
Scrolls
 a - 2 scrolls of revelation {unknown}
 d - 3 scrolls of teleportation
 e - 4 scrolls of blinking {unknown}
 f - 11 scrolls of identify {unknown}
 g - a scroll of enchant weapon {unknown}
 k - 4 scrolls of immolation {unknown}
 o - 2 scrolls of amnesia {unknown}
 p - a scroll of fog {unknown}
 w - a scroll of silence {unknown}
 y - a scroll of fear {unknown}
Potions
 c - 3 potions of brilliance {unknown}
 i - a potion of magic {unknown}
 l - 3 potions of invisibility {unknown}
 m - a potion of haste {unknown}
 r - 2 potions of attraction {unknown}
 s - 2 potions of lignification {unknown}
 t - a potion of cancellation {unknown}
 z - 3 potions of heal wounds {unknown}


   Skills:
 - Level 5.0 Fighting
 + Level 16.9 Axes
 - Level 5.0 Armour
 - Level 2.1 Dodging


You had 9 spell levels left.
You didn't know any spells.
Your spell library was empty.

Dungeon Overview and Level Annotations

Branches:
Dungeon (8/15)             Temple (0/1) D:7          Bailey (1/1)
   Lair: D:8-11

Altars:
Nemelex Xobeh
Sif Muna
Vehumet
Xom

Shops:
D:2 ?   D:4 (

Annotations:
D:3 exclusion: statue


Innate Abilities, Weirdness & Mutations

You have a pair of horns on your head.
You reflexively headbutt those who attack you in melee.


Message History

Something draws strength from your injuries!
You hit something but do no damage. Something hits you! Something bites you.
Something draws strength from your injuries!
You hit something but do no damage. You headbutt something.
You barely miss something. Something hits you but does no damage.
Something bites you.
Something draws strength from your injuries!
A red film seems to cover your vision as you go berserk!
You feel yourself moving faster!
You feel mighty! Something hits you! Something bites you but does no damage.
You closely miss something. Your headbutt misses something. Something hits you.
Something bites you.
Something draws strength from your injuries!
You slash something! You hit something but do no damage.
You headbutt something. You closely miss something.
Something draws life force from you!
* * * LOW HITPOINT WARNING * * *
You hit something. You hit something. Something hits you.
* * * LOW HITPOINT WARNING * * *
Something bites you.
* * * LOW HITPOINT WARNING * * *
Something draws strength from your injuries!
You slash something! You closely miss something. Something hits you.
* * * LOW HITPOINT WARNING * * *
Something bites you.
* * * LOW HITPOINT WARNING * * *
Something draws strength from your injuries!
You barely miss something. You completely miss something.
Your headbutt misses something. Something hits you.
* * * LOW HITPOINT WARNING * * *
Something bites you but does no damage.
You are too berserk!
You closely miss something. You barely miss something.
Your headbutt misses something. Something hits you!
* * * LOW HITPOINT WARNING * * *
Something bites you.
You die...

##### #.÷.# #####
####÷..#
######....##
#..'...#
#ß.##.....[#
#..##### #..#.@{#
#'##.... #..'..##
......... #..'..#
........♣ #..#...#
......♣♣.
#..##..... ........
#...##...ß#
.♣.......
##....######
♣....♣...##......ß#
.♣...♣..##...##...#


There were no monsters in sight!

Vanquished Creatures
  Pikel (D:7)
  Maurice (D:7)
  A gargoyle (Bailey)
  Jeremiah (D:6)
  A hornet (D:7)
  A troll (D:7)
  Prince Ribbit (D:6)
  Sigmund (D:2)
  Menkaure (D:7)
  Duvessa (D:7)
  An orc warrior (D:6)
  An ogre (D:6)
  A lemure (D:7)
  A phantom (D:6)
  2 centaurs
  3 kobold brigands
  2 bullfrogs (D:7)
  Blork the orc (D:6)
  A scorpion (D:5)
  Dowan (D:7)
  7 vampire bats (Bailey)
  3 howler monkeys (D:7)
  3 wolf zombies (Bailey)
  4 hounds
  5 jellies
  A bombardier beetle (D:5)
  A gnoll bouda (D:7)
  An orc priest (D:7)
  Jessica (D:2)
  An iguana (D:5)
  A sleepcap (D:5)
  4 orc wizards
  Terence (D:2)
  5 gnolls
  4 adders
  A white imp (D:6)
  2 ufetubi (D:6)
  2 dart slugs
  2 ribbon worms
  18 orcs
  13 ball pythons
  7 endoplasms
  2 giant cockroaches
  13 goblins
  6 hobgoblins
  4 jackals (D:4)
  27 kobolds
  3 quokkas
  5 bats
  6 frilled lizards
  16 orc zombies (Bailey)
  7 rats
200 creatures vanquished.

Notes
Turn   | Place    | Note
-------+----------+-------------------------------------------
     0 | D:1      | smashvw the Minotaur Berserker began the quest for the Orb.
     0 | D:1      | Reached XP level 1. HP: 19/19 MP: 0/0
   221 | D:1      | Reached XP level 2. HP: 22/27 MP: 1/1
   403 | D:1      | Reached skill level 4 in Axes
   676 | D:1      | Reached ** piety under Trog
   952 | D:1      | Found a faded altar of an unknown god.
   955 | D:1      | Reached XP level 3. HP: 33/33 MP: 2/2
  1192 | D:2      | Noticed Jessica
  1198 | D:2      | Killed Jessica
  1199 | D:2      | Reached XP level 4. HP: 36/41 MP: 3/3
  1225 | D:2      | Found Nofudodi's Magic Scroll Shoppe.
  1230 | D:2      | Bought a scroll of teleportation for 42 gold pieces
  1231 | D:2      | Noticed Sigmund
  1243 | D:2      | Killed Sigmund
  1244 | D:2      | Reached skill level 5 in Fighting
  1244 | D:2      | Reached skill level 5 in Axes
  1244 | D:2      | Reached XP level 5. HP: 48/48 MP: 4/4
  1306 | D:2      | Noticed Terence
  1320 | D:2      | Killed Terence
  1321 | D:2      | Reached skill level 5 in Armour
  1416 | D:2      | Identified the +6 ring mail "Atasanun" {rC+ rN+ Will+
                  | Int+3}
  1544 | D:3      | Reached XP level 6. HP: 56/56 MP: 5/5
  1686 | D:3      | Found a radiant altar of Vehumet.
  1706 | D:3      | Reached *** piety under Trog
  1807 | D:3      | Reached skill level 6 in Axes
  2308 | D:4      | Identified the +0 chain mail "Ifiruit" {Regen+ Slay+2}
  2448 | D:4      | Found Igijuvy's Antique Weapon Shop.
  2985 | D:5      | Entered Level 5 of the Dungeon
  3030 | D:5      | Reached skill level 7 in Axes
  3236 | D:5      | Reached skill level 8 in Axes
  3236 | D:5      | Reached XP level 7. HP: 59/61 MP: 6/6
  3763 | D:6      | Found a sparkling altar of Nemelex Xobeh.
  3826 | D:6      | Reached skill level 9 in Axes
  3845 | D:6      | Noticed Blork the orc
  3862 | D:6      | Killed Blork the orc
  3894 | D:6      | Found a shimmering altar of Xom.
  3947 | D:6      | Reached skill level 10 in Axes
  3952 | D:6      | Noticed Prince Ribbit
  3965 | D:6      | Killed Prince Ribbit
  3966 | D:6      | Reached XP level 8. HP: 40/68 MP: 7/7
  4010 | D:6      | Reached **** piety under Trog
  4066 | D:6      | Noticed Jeremiah
  4080 | D:6      | Killed Jeremiah
  4081 | D:6      | Reached skill level 11 in Axes
  4105 | D:6      | Found a shimmering blue altar of Sif Muna.
  4114 | D:6      | Reached skill level 12 in Axes
  4494 | D:7      | Noticed a troll
  4495 | D:7      | Noticed a hornet
  4650 | D:7      | Noticed Menkaure
  4659 | D:7      | Killed Menkaure
  4660 | D:7      | Reached skill level 13 in Axes
  4734 | D:7      | Reached XP level 9. HP: 74/74 MP: 8/8
  4829 | D:7      | Noticed Maurice
  4838 | D:7      | Maurice stole 2 boomerangs
  4843 | D:7      | Killed Maurice
  4844 | D:7      | Reached skill level 14 in Axes
  4846 | D:7      | Killed a troll
  4950 | D:7      | Noticed Dowan
  4952 | D:7      | Noticed Duvessa
  4961 | D:7      | Reached skill level 15 in Axes
  4967 | D:7      | Killed Dowan
  4971 | D:7      | Noticed Pikel
  5126 | D:7      | Found a staircase to the Ecumenical Temple.
  5249 | D:7      | Killed Duvessa
  5458 | D:7      | Killed Pikel
  5459 | D:7      | Reached skill level 16 in Axes
  5589 | D:7      | Reached XP level 10. HP: 81/81 MP: 9/9
  5631 | D:8      | Found a flagged portal.
  5649 | Bailey   | Entered a bailey
  5714 | Bailey   | Reached ***** piety under Trog
  5780 | Bailey   | Noticed a gargoyle
  5785 | Bailey   | Killed a gargoyle
  5835 | Bailey   | HP: 1/121 [something (13)]
  5835 | Bailey   | Slain by a vampire

Illustrated notes

Levels and vault maps discovered:
D:1:      dpeg_arrival_windows_large_door, layout_loops_corners,
          hellmonk_ecumenical_altar_inner_sanctum
D:2:      layout_basic, serial_shops, shop, grunt_ministairs_2,
          kennysheep_generic_room_13, uniq_jessica, uniq_sigmund, uniq_terence
D:3:      layout_loops_ring, vehumet_statue
D:4:      minmay_wonky_spiral, layout_basic, serial_shops, shop
D:5:      layout_basic, nicolae_twisty_statue_hallways
D:6:      layout_basic, mainiacjoe_overflow_catwalk, mainiacjoe_overflow_paths,
          mainiacjoe_overflow_surrounded_room, uniq_jeremiah,
          uniq_prince_ribbit1, uniq_blork_the_orc
D:7:      layout_basic, minmay_temple_entry_grid, uniq_maurice, uniq_pikel,
          uniq_menkaure, uniq_duvessa
D:8:      layout_basic, lair_entry_dummy, serial_co_window_serial,
          co_window_corner_a, co_window_paths_b, co_window_paths_b,
          co_window_paths_b, co_window_corner_a, co_window_corner_a,
          co_window_paths_a, co_window_cross_3, co_window_broadway_b,
          co_window_corner_b, co_window_corner_cb, co_window_broadway_a,
          co_window_4corner_b, co_window_paths_d, glass_columns_c,
          glass_columns_b, enter_bailey_3
Bailey:   bailey_polearm_vampire_castle_hellmonk, bailey

Skill      XL: |  1  2  3  4  5  6  7  8  9 |
---------------+----------------------------+-----
Fighting       | 4 5 |  5.0
Axes           | 4 5 8 10 13 16 | 16.9
Armour         | 3 4 5 |  5.0
Dodging        | |  2.1

Action                     |  1- 3 |  4- 6 |  7- 9 | 10-12 || total
---------------------------+-------+-------+-------+-------++-------
  Melee: Hand axe          |    61 |    26 |       |       ||    87
         Headbutt          |     6 |    18 |    35 |    12 ||    71
         War axe           |       |    70 |   180 |    90 ||   340
  Throw: Dart              |     1 |       |       |       ||     1
 Invoke: Berserk           |       |     1 |     4 |     1 ||     6
    Use: Scroll            |       |       |     1 |       ||     1
   Stab: Sleeping          |     1 |       |       |       ||     1
 Armour: Animal skin       |    34 |     8 |       |       ||    42
         Ring mail         |       |    19 |       |       ||    19
         Chain mail        |       |    30 |   153 |    68 ||   251
  Dodge: Dodged            |    44 |    58 |    75 |    23 ||   200

Table legend: (Time is in decaauts)
 A = Elapsed time spent in this place.
 B = Non-inter-level travel time spent in this place.
 C = Inter-level travel time spent in this place.
 D = Time resting spent in this place.
 E = Time spent auto-exploring this place.
 F = Levels seen in this place.
 G = Mean time per level.
                   A        B        C        D        E       F      G
               +--------+--------+--------+--------+--------+-----+--------+
         Total |   5891 |   5685 |    206 |    291 |   4227 |   9 |  654.6 |
       Dungeon |   5731 |   5525 |    206 |    291 |   4147 |   8 |  716.4 |
        Bailey |    160 |    160 |      0 |      0 |     80 |   1 |  160.0 |
               +--------+--------+--------+--------+--------+-----+--------+

Top non-repeatable levels by time:
     D:1: 1013 daAuts
     D:7: 1010 daAuts
     D:6: 1005 daAuts
     D:4: 804 daAuts
     D:3: 658 daAuts
     D:5: 655 daAuts
     D:2: 534 daAuts
  Bailey: 160 daAuts
     D:8: 47 daAuts
